 Dungeon Crawl Stone Soup version bcrawl-1.27.5 (webtiles) character file.

Game seed: 12153044376450976453

139109 Faustar the Ogre Mage (level 3, -1/36 HPs)
             Began as an Ogre Transmuter on Aug 13, 2020.
             Slain by an orc
             ... wielding a +0 flail
              (7 damage)
             ... on level 1 of the Dungeon.
             The game lasted 00:02:13 (1018 turns).

Faustar the Ogre Mage (Ogre Transmuter)             Turns: 1018, Time: 00:02:14

Health: -1/36      AC:  3    Str: 15    XL:     3   Next: 75%
Magic:  5/7        EV: 10    Int: 14    God:
Gold:   54         SH:  0    Dex:  9    Spells: 7/8 levels left

rFire    . . .     SeeInvis .     - Fists (6.6)
rCold    . . .     Gourm    .   (no shield)
rNeg     . . .     Faith    .   b - +0 robe
rPois    .         Spirit   .   (helmet currently unavailable)
rElec    .         Reflect  .   (no cloak)
rCorr    .         Harm     .   (gloves unavailable)
MR       .....                  (boots unavailable)
Stlth    +.........             (no amulet)
HPRegen  0.12/turn              (no ring)
MPRegen  0.10/turn              (no ring)

@: appendage
A: large, unfitting armour, horns 3, tough skin 1
a: End Transformation


You were on level 1 of the Dungeon.
You were very hungry.
You had grown temporary horns.
You visited 1 branch of the dungeon, and saw 2 of its levels.

You collected 54 gold pieces.

Inventory:

Missiles
 a - 120 arrows
Armour
 b - a +0 robe (worn)
Jewellery
 i - a +4 ring of protection {unknown}
Scrolls
 c - a scroll of fog {unknown}
 j - a scroll of blinking {unknown}
Potions
 d - a potion of lignification
 f - a potion of mutation {unknown}
 g - a potion of agility {unknown}
 h - a potion of resistance {unknown}
 k - 2 potions of cancellation {unknown}
Comestibles
 e - 2 rations {!d}


   Skills:
 + Level 2.5 Fighting
 - Level 1.7 Dodging
 - Level 2.6 Unarmed Combat
 + Level 3.0 Spellcasting
 * Level 2.8 Transmutations


You had 7 spell levels left.
You knew the following spells:

 Your Spells              Type           Power        Failure   Level  Hunger
a - Beastly Appendage     Tmut           ##....       7%          1    None

Your spell library contained the following spells:

 Spells                   Type           Power        Failure   Level  Hunger
 Sticks to Snakes         Tmut           ##......     10%         2    #......
 Passwall                 Tmut/Erth      #.......     19%         2    #......
 Spider Form              Tmut/Pois      #..          34%         3    ####...
 Ice Form                 Ice/Tmut       #.......     75%         4    #####..
 Blade Hands              Tmut           ##........   88%         5    ######.


Dungeon Overview and Level Annotations

Branches:
Dungeon (2/12)

Altars:


Innate Abilities, Weirdness & Mutations

You are too large for most types of armour.
You have tough skin. (AC +1)
You have a pair of large horns on your head.


Message History

You hit the orc.
The orc is heavily wounded.
Your horns disappear.
You hit the orc.
The orc is severely wounded.
The orc closely misses you.
You hit the orc but do no damage.
The orc is severely wounded.
The orc hits you with a +0 flail. The orc hits you with a +0 flail.
You climb upwards.
There is a stone staircase leading down here.
Casting: Beastly Appendage (safe; 7% risk of failure)
Confirm with . or Enter, or press ? or * to list all spells.
You grow a pair of large bovine horns.
The orc hits you with a +0 flail!
* * * LOW HITPOINT WARNING * * *
You barely miss the orc.
The orc is severely wounded.
The orc hits you with a +0 flail!
You die...

#......#########....#.........#..
#...................#.........#..
##...#..............#.........#..
##...#..............#.........#..
##...#..............##.......#...
##...#...........#...........#...
##...#.........#.#.##........#...
##...#.........#o#.##........#...
######..........@............#...
# #......##...........####.......
# #......##...........#####.##...
# #........##...............##...
# #........##............##......
# ####.....##............+.......
# ####...........###...##...... #
##..............##.....#.###.. #
#...............##.....#.# ###


You could see an orc.

Vanquished Creatures
  A howler monkey (D:2)
  A bat (D:1)
  3 goblins (D:1)
  A hobgoblin (D:1)
  2 frilled lizards (D:1)
  5 rats (D:1)
13 creatures vanquished.

Notes
Turn   | Place    | Note
-------+----------+-------------------------------------------
     0 | D:1      | Faustar the Ogre Transmuter began the quest for the Orb.
     0 | D:1      | Reached XP level 1. HP: 19/19 MP: 3/3
   460 | D:1      | Reached XP level 2. HP: 20/28 MP: 5/5
   997 | D:2      | Noticed a howler monkey
  1007 | D:2      | Killed a howler monkey
  1007 | D:2      | Reached skill level 3 in Spellcasting
  1007 | D:2      | Reached XP level 3. HP: 17/36 MP: 4/7
  1018 | D:1      | Slain by an orc

Skill      XL: |  1  2 |
---------------+-------+-----
Transmutations | 2 |  2.8
Fighting       | 2 |  2.5
Spellcasting   | 3 |  3.0
Dodging        | |  1.7
Unarmed Combat | |  2.6

Action                   || total
-------------------------++-------
Melee: Unarmed           ||    72
       Headbutt          ||     1
 Cast: Beastly Appendage ||     2
Armor: Robe              ||    18
Dodge: Dodged            ||    30
